 Dungeon Crawl Stone Soup version 0.19-a0-2241-gf3739c9 (webtiles) character file.

534 Blackhawk the Chopper (level 7, -6/61 HPs)
             Began as a Minotaur Berserker on Mar 7, 2017.
             Was a Priest of Trog.
             Mangled by an iguana (9 damage)
             ... on level 5 of the Dungeon.
             The game lasted 00:07:02 (4263 turns).

Blackhawk the Chopper (Minotaur Berserker)          Turns: 4263, Time: 00:07:03

Health: -6/61      AC:  2 (0%)Str: 22   XL:     7   Next: 4%
Magic:  6/6        EV: 13    Int:  4    God:    Trog [***...]
Gold:   189        SH:  0    Dex: 11    Spells: 6/6 levels left

rFire    . . .     SeeInvis .   a - +0 hand axe
rCold    . . .     Faith    .   b - +0 animal skin
rNeg     . . .     Spirit   .   (no shield)
rPois    .         Reflect  .   (helmet restricted)
rElec    .                      (no cloak)
rCorr    .                      (no gloves)
MR       .....                  (no boots)
Stlth    +.........             (no amulet)
Regen    0.2/turn               (no ring)
MPRegen  0.2/turn               (no ring)

@: lethally poisoned (-6 -> -8), exhausted, slowed, very slow
A: retaliatory headbutt, horns 2
a: Berserk, Trog's Hand, Renounce Religion


You were on level 5 of the Dungeon.
You worshipped Trog.
Trog was most pleased with you.
You were not hungry.

You visited 1 branch of the dungeon, and saw 5 of its levels.

You collected 189 gold pieces.

Inventory:

Hand Weapons
 a - a +0 hand axe (weapon)
Armour
 b - a +0 animal skin (worn)
Jewellery
 k - a +4 ring of intelligence
Wands
 l - a wand of slowing (7)
Scrolls
 d - a scroll of fear
 h - a scroll of magic mapping
 i - a scroll of blinking
Potions
 c - a potion of agility
 e - 3 potions of haste
 f - a potion of brilliance
 g - a potion of ambrosia
 j - a potion of flight


   Skills:
 + Level 5.2 Fighting
 + Level 7.0 Axes
 * Level 4.6 Armour
 - Level 3.5 Dodging
 - Level 1.0 Stealth


You had 6 spell levels left.
You didn't know any spells.

Dungeon Overview and Level Annotations

Branches:
Dungeon (5/15)             Temple (0/1) D:4
   Lair: D:-1         Crypt: Vaults:-1     Tomb: Vaults:-1

Altars:
Nemelex Xobeh

Annotations:
D:5 Prince Ribbit


Innate Abilities, Weirdness & Mutations

You reflexively headbutt those who attack you in melee.
You have a pair of horns on your head.


Message History

The adder bites you but does no damage.
You see here a howler monkey skeleton.
The centaur shoots an arrow.
The arrow barely misses you (0).
The centaur shoots an arrow.
The arrow closely misses you (0).
The centaur shoots an arrow.
The arrow closely misses you (0). The adder barely misses you.
You furiously retaliate!
You headbutt the adder (10)!
You kill the adder!
Trog accepts your kill.
There is a stone staircase leading up, spattered with blood here.
You feel sick.
The centaur shoots an arrow.
The arrow barely misses you (0).
The centaur unwields a +0 shortbow.
The centaur hits you (9)!
You stop ascending the stairs.
* * * LOW HITPOINT WARNING * * *
The iguana completely misses you. You furiously retaliate!
You headbutt the iguana (7)! The centaur misses you. The centaur hits you (2).
You stop ascending the stairs.
* * * LOW HITPOINT WARNING * * *
The iguana bites you (9)!
You die...

... ######+#...
#........#
######........#
.......$......#
:.............#
#.....# #.....#
#@c...#
#.lc..###+##
##......>...
+..........
#..........
#..........
#.....#.#.#.
+...........
#.....#$#.#.


You could see 2 centaurs and an iguana.

Vanquished Creatures
  A centaur (D:4)
  A howler monkey (D:5)
  A hound (D:5)
  A gnoll shaman (D:4)
  An orc priest (D:3)
  2 orc wizards
  3 worker ants (D:4)
  4 gnolls (D:4)
  8 adders
  3 oozes
  2 adder skeletons (D:4)
  9 orcs
  9 quokkas
  2 giant cockroaches
  5 goblins
  A hobgoblin (D:3)
  7 jackals
  5 kobolds
  2 ball pythons (D:1)
  9 bats
  5 frilled lizards
  8 rats
89 creatures vanquished.

Notes
Turn   | Place    | Note
-------+----------+-------------------------------------------
     0 | D:1      | Blackhawk the Minotaur Berserker began the quest for the Orb.
     0 | D:1      | Reached XP level 1. HP: 19/19 MP: 0/0
   126 | D:1      | Reached skill level 4 in Axes
   218 | D:1      | Reached XP level 2. HP: 26/27 MP: 1/1
   805 | D:1      | Reached XP level 3. HP: 33/33 MP: 2/2
  1353 | D:2      | Reached XP level 4. HP: 40/40 MP: 3/3
  1583 | D:2      | Reached ** piety under Trog
  2037 | D:3      | Reached skill level 5 in Axes
  2037 | D:3      | Reached XP level 5. HP: 47/47 MP: 4/4
  2039 | D:3      | Reached skill level 1 in Stealth
  2143 | D:3      | Found a sparkling altar of Nemelex Xobeh.
  2675 | D:4      | Reached XP level 6. HP: 53/53 MP: 5/5
  3143 | D:4      | Reached skill level 5 in Fighting
  3143 | D:4      | Reached skill level 6 in Axes
  3143 | D:4      | Reached *** piety under Trog
  3263 | D:4      | Found a staircase to the Ecumenical Temple.
  3950 | D:5      | Entered Level 5 of the Dungeon
  3950 | D:5      | Noticed Prince Ribbit
  3958 | D:5      | Reached skill level 7 in Axes
  3958 | D:5      | Reached XP level 7. HP: 31/61 MP: 6/6
  3962 | D:5      | HP: 4/91 [Prince Ribbit (9)]
  4263 | D:5      | HP: 3/61 [centaur (2)]
  4263 | D:5      | Mangled by an iguana

Vault maps used:
D:1:      ncdulo_wetmaze
D:3:      marbit_many_paths, kennysheep_boxes
D:4:      temple_green
D:5:      led_sif_pool, serial_glass, glass_columns_a, glass_columns_c,
          glass_columns_a, glass_columns_b, glass_columns_a, glass_columns_c,
          minmay_misc_feat_doors, uniq_crazy_yiuf_cottage, uniq_prince_ribbit1

Skill      XL: |  1  2  3  4  5  6 |
---------------+-------------------+-----
Axes           | 4 5 7 |  7.0
Fighting       | 4 5 |  5.2
Dodging        | 3 |  3.5
Stealth        | 1 |  1.0
Armour         | 3 4 |  4.6

Action                   |  1- 3 |  4- 6 |  7- 9 || total
-------------------------+-------+-------+-------++-------
Melee: Hand axe          |    66 |   107 |     9 ||   182
       Headbutt          |     3 |    20 |     1 ||    24
Invok: Berserk           |     1 |     4 |     1 ||     6
Armor: Animal skin       |     5 |    12 |     2 ||    19
Dodge: Dodged            |    52 |    81 |    14 ||   147
